 Dungeon Crawl Stone Soup version 0.22-a0-322-g60b3cfd (webtiles) character file.

231 4thArraOfDagon the Skirmisher (level 6, 0/53 HPs)
             Began as a Hill Orc Air Elementalist on Apr 4, 2018.
             Slain by a water moccasin zombie (7 damage)
             ... in an ossuary.
             The game lasted 00:05:43 (1557 turns).

4thArraOfDagon the Skirmisher (HOAE)                Turns: 1557, Time: 00:05:43

Health: 0/53       AC:  5    Str: 11    XL:     6   Next: 3%
Magic:  0/8        EV: 10    Int: 17    God:
Gold:   66         SH:  0    Dex: 11    Spells: 7/8 levels left

rFire    . . .     SeeInvis .   i - +1 mace
rCold    . . .     Gourm    .   (no shield)
rNeg     + . .     Faith    .   b - +0 ring mail
rPois    .         Spirit   .   (no helmet)
rElec    .         Reflect  .   (no cloak)
rCorr    .         Harm     .   (no gloves)
MR       .....                  (no boots)
Stlth    +.........             (no amulet)
HPRegen  0.17/turn              k - ring of positive energy
MPRegen  0.11/turn              (no ring)

@: very slightly contaminated
A: no striking features
a: no special abilities


You were in an ossuary.
You were not hungry.

You visited 1 branch of the dungeon, and saw 4 of its levels.
You also visited: Ossuary.

You collected 66 gold pieces.

Inventory:

Hand Weapons
 i - a +1 mace (weapon)
Armour
 a - a +0 robe
 b - a +0 ring mail (worn)
Jewellery
 k - a ring of positive energy (left hand)
Scrolls
 f - a scroll of amnesia
Potions
 d - a potion of heal wounds
Comestibles
 c - 3 rations


   Skills:
 + Level 4.7 Fighting
 + Level 1.9 Armour
 - Level 1.5 Dodging
 - Level 1.5 Stealth
 - Level 1.5 Spellcasting
 - Level 3.3 Conjurations
 - Level 2.4 Air Magic


You had 7 spell levels left.
You knew the following spells:

 Your Spells              Type           Power        Failure   Level  Hunger
a - Shock                 Conj/Air       ##..         14%         1    ##.....


Dungeon Overview and Level Annotations

Branches:
Dungeon (4/15)
 Temple: D:4-7

Altars:


Message History

The water moccasin zombie closely misses you.
A poisoned needle hits the adder zombie, but does no damage!
You closely miss the water moccasin zombie.
The water moccasin zombie is heavily damaged.
The water moccasin zombie bites you but does no damage. x2
A poisoned needle hits the adder zombie, but does no damage!
You closely miss the water moccasin zombie.
The water moccasin zombie is heavily damaged.
The water moccasin zombie bites you.
* * * LOW HITPOINT WARNING * * *
The water moccasin zombie bites you.
* * * LOW HITPOINT WARNING * * *
Casting: Shock (safe; 14% risk of failure)
Confirm with . or Enter, or press ? or * to list all spells.
Aiming: Shock (safe; 14% risk of failure)
Press: ? - help, Shift-Dir - straight line You miscast Shock.
You are very lightly contaminated with residual magic.
Nothing appears to happen.
The water moccasin zombie bites you!
You die...

#^..# #^^.# ### #'###
#.. #...# #.. #...#
#.Z #...# #.. #...#
##Z###############'###
#..^#@..#^.^.'...'...#
#.^ZZ...#^...#...#^..#
#∩..#...'..^.#...#...#
######################


You could see an adder zombie and a water moccasin zombie.

Vanquished Creatures
  2 water moccasin zombies (Ossuary)
  A jelly (D:3)
  2 big kobold zombies (Ossuary)
  5 adder zombies (Ossuary)
  A leopard gecko (D:3)
  3 bats
  2 giant cockroaches
  A gnoll zombie (Ossuary)
  A goblin (D:3)
  4 hobgoblins
  2 frilled lizards
  4 hobgoblin zombies (Ossuary)
  3 kobolds
  3 kobold zombies (Ossuary)
  4 orc zombies (Ossuary)
  4 rats
42 creatures vanquished.

Notes
Turn   | Place    | Note
-------+----------+-------------------------------------------
     0 | D:1      | 4thArraOfDagon the Hill Orc Air Elementalist began the quest for the Orb.
     0 | D:1      | Reached XP level 1. HP: 14/14 MP: 3/3
   193 | D:1      | Reached skill level 1 in Fighting
   332 | D:1      | Reached XP level 2. HP: 18/24 MP: 0/4
   392 | D:2      | Reached skill level 2 in Fighting
   736 | D:3      | Reached skill level 4 in Fighting
   736 | D:3      | Reached XP level 3. HP: 20/33 MP: 0/5
   964 | D:4      | Found a sand-covered staircase.
   977 | Ossuary  | Entered an ossuary
  1203 | Ossuary  | Reached XP level 4. HP: 29/40 MP: 6/6
  1397 | Ossuary  | Reached XP level 5. HP: 38/46 MP: 7/7
  1543 | Ossuary  | Reached skill level 1 in Armour
  1543 | Ossuary  | Reached XP level 6. HP: 16/53 MP: 1/8
  1557 | Ossuary  | Slain by a water moccasin zombie

Vault maps used:
D:1:      nicolae_arrival_somewhat_less_tricky_arrival, serial_glass,
          glass_columns_a, glass_columns_a
D:2:      uniq_jessica, uniq_robin
D:3:      first_ration, uniq_sigmund
D:4:      lightli_ossuary_entry_decrepit_ruins
Ossuary:  ossuary_tomb_2

Skill      XL: |  1  2  3  4  5 |
---------------+----------------+-----
Fighting       | 1 4 |  4.7
Conjurations   | 2 3 |  3.3
Armour         | 1 |  1.9
Dodging        | |  1.5
Stealth        | |  1.5
Spellcasting   | |  1.5
Air Magic      | |  2.4

Action                   |  1- 3 |  4- 6 || total
-------------------------+-------+-------++-------
Melee: Unarmed           |     9 |       ||     9
       Mace              |    39 |    88 ||   127
 Cast: Shock             |    31 |    21 ||    52
  Use: Scroll            |     6 |       ||     6
       Potion            |     1 |     2 ||     3
  Eat: Ration            |     1 |       ||     1
       Chunk             |     1 |       ||     1
Armor: Robe              |     9 |       ||     9
       Ring mail         |    15 |    36 ||    51
       Skin              |    16 |     7 ||    23
Dodge: Dodged            |    45 |    51 ||    96

Table legend:
 A = Spawn XP
 B = Non-spawn XP
 C = Spawn XP percentage of total XP
 D = Spawn monster count
 E = Non-spawn monster count
 F = Spawn count percentage of total count
 G = Total turns spent on level
                    A         B        C        D         E        F      G
               +---------+---------+-------+---------+---------+-------+---------
         Total |       0 |     330 |   0.0 |       0 |      42 |   0.0 |  1557
               +---------+---------+-------+---------+---------+-------+---------
           D:1 |       0 |      10 |   0.0 |       0 |       7 |   0.0 |   369
           D:2 |       0 |      12 |   0.0 |       0 |       7 |   0.0 |   151
           D:3 |       0 |      52 |   0.0 |       0 |       7 |   0.0 |   400
       Ossuary |       0 |     256 |   0.0 |       0 |      21 |   0.0 |   580
               +---------+---------+-------+---------+---------+-------+---------
